 Dungeon Crawl Stone Soup version 0.29-a0-541-gaf1fc19f1b (webtiles) character file.

Game seed: 16560334349257932236

49626 freelancePsychic the Grappler (level 14, -2/146 HPs)
             Began as a Troll Hedge Wizard on June 3, 2022.
             Was a Follower of Yredelemnul.
             Slain by a cane toad (24 damage)
             ... on level 6 of the Lair of Beasts.
             The game lasted 00:36:34 (15192 turns).

freelancePsychic the Grappler (Troll Hedge Wizard) Turns: 15192, Time: 00:36:35

Health: -2/146     AC: 17    Str: 21    XL:     14   Next: 16%
Magic:  17/17      EV:  1    Int: 12    God:    Yredelemnul [*.....]
Gold:   2343       SH:  0    Dex: 13    Spells: 17/17 levels left

rFire   . . .      SeeInvis +     - Unarmed
rCold   + + .      Faith    .   G - +1 kite shield {rC+}
rNeg    . . .      Spirit   .   Z - quicksilver dragon scales
rPois   .          Reflect  +   b - +3 crown of Dyrovepreva {rElec Int+2 SInv}
rElec   +          Harm     .   L - +0 cloak
rCorr   .          Rampage  .   (gloves unavailable)
Will    ++...                   (boots unavailable)
Stlth   +.........              j - amulet of reflection
HPRegen 1.14/turn               p - +4 ring of evasion
MPRegen 0.15/turn               D - ring of protection from cold

@: sleeping
A: large, unfitting armour, claws 3, regeneration 1, shaggy fur 1, tough skin 1
a: Renounce Religion, Recall Undead Harvest


You were on level 6 of the Lair of Beasts.
You worshipped Yredelemnul.
Yredelemnul was noncommittal.
You visited 2 branches of the dungeon, and saw 17 of its levels.
You also visited: Sewer, Ice Cave and Volcano.

You collected 3156 gold pieces.
You spent 813 gold pieces at shops.

Inventory:

Hand Weapons
 h - a +3 dagger of venom
Missiles
 I - 3 throwing nets
 O - 4 curare-tipped darts
Armour
 b - the +3 crown of Dyrovepreva (worn) {rElec Int+2 SInv}
   (You bought it in a shop on level 10 of the Dungeon)

   Int:       It affects your intelligence (+2).
   rElec:     It insulates you from electricity.
   SInv:      It lets you see invisible.
 c - a +2 robe of fire resistance
 k - a +0 tower shield
 E - the +4 skin of Zhor {*Englaciate rC+++ SInv}
   (You found it in an ice cave)

   It radiates cold, occasionally slowing all nearby creatures who are not
   resistant to cold.
   rC:        It renders you almost immune to cold.
   SInv:      It lets you see invisible.
 G - a +1 kite shield of cold resistance (worn)
 L - a +0 cloak (worn)
 Z - quicksilver dragon scales (worn)
Jewellery
 j - an amulet of reflection (around neck)
 p - a +4 ring of evasion (left claw)
 y - an amulet of guardian spirit
 z - a ring of ice
 D - a ring of protection from cold (right claw)
 F - the ring "Yffad" {Int+4 SInv}
   (You found it on level 4 of the Lair of Beasts)

   [ring of see invisible]

   Int:       It affects your intelligence (+4).
   SInv:      It lets you see invisible.
 H - an amulet of regeneration
 R - the ring "Ditutz" {+Blink rF- rCorr Dex+2}
   (You found it in an ice cave)

   [ring of resist corrosion]

   Dex:       It affects your dexterity (+2).
   rF:        It makes you vulnerable to fire.
   +Blink:    It lets you blink.
   rCorr:     It protects you from acid and corrosion.
 S - a ring of flight
 V - a ring of ice
 Y - a ring of see invisible
Wands
 o - a wand of mindburst (4)
 N - a wand of polymorph (8)
 P - a wand of flame (24)
 T - a wand of digging (6)
Scrolls
 a - 7 scrolls of amnesia
 e - 10 scrolls of teleportation {@r4}
 m - 3 scrolls of brand weapon
 r - a scroll of poison
 s - 4 scrolls of enchant armour
 u - a scroll of blinking
 v - 6 scrolls of fog
 w - 5 scrolls of noise
 A - 3 scrolls of immolation
 J - a scroll of magic mapping
 M - 2 scrolls of enchant weapon
 Q - a scroll of silence
 W - a scroll of identify {@r1}
Potions
 d - 3 potions of magic
 f - a potion of might
 g - a potion of brilliance {unknown}
 i - 4 potions of mutation
 l - 3 potions of flight
 n - 3 potions of curing {@q1}
 q - 4 potions of haste {@q3}
 t - 3 potions of berserk rage {unknown}
 x - 3 potions of lignification
 B - 3 potions of resistance {unknown}
 C - 3 potions of cancellation {unknown}
 K - 7 potions of heal wounds {unknown}
 U - 3 potions of degeneration {unknown}
 X - 2 potions of ambrosia


   Skills:
 + Level 11.0 Fighting
 + Level 4.8 Armour
 - Level 4.7 Dodging
 - Level 1.0 Stealth
 + Level 11.8 Shields
 + Level 14.1 Unarmed Combat
 - Level 2.0 Spellcasting
 - Level 0.6 Conjurations
 - Level 0.6 Summonings
 - Level 0.6 Translocations
 - Level 5.5 Invocations


You had 17 spell levels left.
You didn't know any spells.
Your spell library contained the following spells:

 Spells                   Type           Power      Damage    Failure   Level
 Magic Dart               Conj           8%         1d3       52%         1
 Necrotize                Necr           4%         1d4       58%         1
 Slow                     Hex            4%         N/A       58%         1
 Sting                    Tmut/Pois      4%         1d3       58%         1
 Blink                    Tloc           4%         N/A       65%         2
 Call Imp                 Summ           2%         N/A       65%         2
 Ensorcelled Hibernation  Hex/Ice        2%         N/A       75%         2
 Poisonous Vapours        Pois/Air       2%         N/A       75%         2
 Call Canine Familiar     Summ           2%         N/A       87%         3
 Gell's Gravitas          Tloc           2%         N/A       87%         3
 Lesser Beckoning         Tloc           2%         N/A       87%         3
 Teleport Other           Tloc           2%         N/A       87%         3
 Conjure Flame            Conj/Fire      1%         6-21      90%         3
 Portal Projectile        Hex/Tloc       2%         N/A       90%         3
 Mephitic Cloud           Conj/Pois/Air  1%         N/A       91%         3
 Ignite Poison            Fire/Tmut/Pois 1%         N/A       92%         3
 Inner Flame              Hex/Fire       1%         N/A       92%         3
 Spider Form              Tmut/Pois      1%         N/A       92%         3
 Tukima's Dance           Hex            1%         N/A       92%         3
 Vampiric Draining        Necr           1%         2d6       92%         3
 Anguish                  Hex/Necr       0%         N/A       100%        4
 Cause Fear               Hex            0%         N/A       100%        4
 Leda's Liquefaction      Hex/Erth       0%         N/A       100%        4
 Olgreb's Toxic Radiance  Pois           1%         N/A       100%        4
 Sticky Flame             Conj/Fire      1%         2d3       100%        4
 Agony                    Necr           1%         N/A       100%        5
 Blade Hands              Tmut           0%         N/A       100%        5
 Irradiate                Conj/Tmut      0%         3d13      100%        5
 Dragon Form              Tmut           0%         N/A       100%        7
 Haunt                    Necr/Summ      0%         N/A       100%        7
 Ozocubu's Refrigeration  Ice            0%         4d5       100%        7
 Discord                  Hex            0%         N/A       100%        8
 Ignition                 Fire           0%         3d3       100%        8
 Infestation              Necr           0%         N/A       100%        8
 Animate Dead             Necr           Unusable   N/A       N/A         4

Dungeon Overview and Level Annotations

Branches:
Dungeon (11/15)            Temple (0/1) D:5            Lair (6/6) D:8
  Swamp (0/4) Lair:3       Spider (0/4) Lair:2        Slime (0/5) Lair:5
    Orc (0/2) D:11          Sewer (visited)           IceCv (visited)
Volcano (visited)

Altars:
Ashenzari
Kikubaaqudgha
Makhleb
Nemelex Xobeh
Okawaru
Ru
Uskayaw
Yredelemnul
Zin
The Shining One

Shops:
D:1 *   D:2 :   D:7 [   D:10 [   D:11 =

Annotations:
D:4 3 runed translucent doors, samgaumpmail's ghost, amateur DgTm
D:5 3 runed translucent doors, zeratav's ghost, novice TeHu
D:10 exclusion: two-headed ogre
D:11 exclusion: door, Josephine
Lair:4 exclusion: oklob plant


Innate Abilities, Weirdness & Mutations

You are too large for most types of armour.
You have claws for hands.
Your natural rate of healing is unusually fast.
You are covered in fur. (AC +1)
You have tough skin. (AC +1)


Message History

The vampire mosquito bites your bullfrog zombie.
Your bullfrog zombie barely misses the vampire mosquito.
The blink frog hits your bullfrog zombie!
Your bullfrog zombie is destroyed!
The cane toad attacks as you move away! The cane toad stings you.
* * * LOW HITPOINT WARNING * * *
You are more poisoned.
The cane toad poisons you!
You feel extremely sick.
The blink frog blinks!
Your steam dragon zombie bites the vampire mosquito.
Your steam dragon zombie closely misses the vampire mosquito.
The vampire mosquito bites your steam dragon zombie!
You feel better.
The vampire mosquito bites your steam dragon zombie!
You block the cane toad's attack.
Your bullfrog zombie hits the cane toad.
The dream sheep ruffles its wool and motes of dream dust sparkle, to no effect.
Your steam dragon zombie bites the vampire mosquito.
Your steam dragon zombie claws the vampire mosquito but does no damage.
You claw the cane toad!
The cane toad is heavily wounded.
The vampire mosquito bites your steam dragon zombie!
Your steam dragon zombie is destroyed!
The cane toad stings you!
* * * LOW HITPOINT WARNING * * *
Your bullfrog zombie hits the cane toad.
The dream sheep ruffles its wool and motes of dream dust sparkle, to no effect.
You can no longer trade souls for undead servants.
You feel better.
The vampire mosquito bites your bullfrog zombie.
The cane toad stings you!
* * * LOW HITPOINT WARNING * * *
Your bullfrog zombie barely misses the vampire mosquito.
The vampire mosquito closely misses your bullfrog zombie.
The dream sheep shakes its wool and sparkles.
You feel drowsy...
You fall asleep.
The cane toad stings you!!
You die...
Your body rises from the dead as a mindless zombie.

###### #..........
##Z...#### #..........
... #ZZ#....≈#
.......... ...
..###Z...## #.FZ....# ..
))###§....# #...§..## .
.###≈#....# #.......# ##
##....≈# #.Yy...## #..
##....# #.FZ....## ..
#.##### #.@......# # #..
#..## ###.....### ..#..
##..# #.#......P# #....
###)..#### ##.......##
##....
##..≈..≈≈.###.........#
P.....
##..§..≈....##..........
......
#................#.#.P.#
...#PP
.....8.....§....########
# ### ................#


You could see a cane toad, a blink frog (ally target), a vampire mosquito (ally
target), a dream sheep, a friendly bullfrog zombie and a friendly cane toad
zombie.

Vanquished Creatures
  A white draconian (IceCv)
  A fire dragon (Lair:6)
  A two-headed ogre (D:8)
  A centaur warrior (D:11)
  3 death yaks
  A hell knight (Volcano)
  Sonja (Lair:5)
  A salamander mystic (Volcano)
  Amaemon (Lair:1)
  2 deep elf pyromancers (Volcano)
  A cyclops (Volcano)
  2 ugly things (D:11)
  3 elephants (Lair:6)
  3 salamanders (Volcano)
  4 black mambas
  2 ice statues (IceCv)
  8 cane toads
  A torpor snail (Lair:5)
  4 molten gargoyles (Volcano)
  2 gargoyles (Volcano)
  18 rime drakes
  2 efreet
  2 komodo dragons
  A polar bear (Lair:4)
  3 trolls
  13 blink frogs
  3 dream sheep (Lair:6)
  2 jumping spiders (Lair:2)
  2 vampires (D:10)
  4 wraiths
  19 yaks
  A water elemental (D:11)
  2 basilisks
  A wyvern (Lair:1)
  6 steam dragons
  A redback (Lair:2)
  A vampire mosquito (D:10)
  A warg (D:7)
  3 swamp worms (Lair:3)
  7 water moccasins
  3 black bears
  5 ice beasts
  6 orc warriors
  A sky beast (D:7)
  3 ogres
  4 wolves (Lair:4)
  2 centaurs
  2 kobold brigands
  3 gnoll sergeants
  9 bullfrogs
  2 necrophages
  A scorpion (D:6)
  10 wights
  9 killer bees
  3 lindwurm simulacra (IceCv)
  6 electric eels
  A howler monkey (D:9)
  4 komodo dragon simulacra (IceCv)
  3 hounds
  5 orc priests
  A gnoll shaman (D:7)
  2 jellies
  An iguana (D:4)
  A scorpion zombie (D:4)
  7 orc wizards
  4 spectral killer bees (D:11)
  A hound zombie (D:4)
  16 gnolls
  5 acid dragon simulacra (IceCv)
  14 adders
  3 river rats (Sewer)
  3 shadow imps (D:7)
  3 white imps
  An ufetubus (D:6)
  9 steam dragon simulacra (IceCv)
  2 worms
  3 dart slugs
  19 orcs
  8 endoplasms
  9 giant cockroaches
  4 goblins
  10 hobgoblins
  3 jackals (D:1)
  11 kobolds
  6 quokkas
  10 ball pythons
  5 bats
  6 frilled lizards
  16 rats
  2 spectral orcs (D:11)
402 creatures vanquished.

Vanquished Creatures (collateral kills)
  A catoblepas (Lair:4)
  2 death yaks (Lair:6)
  A bog body (Lair:3)
  An oklob plant (Lair:4)
  A black mamba (Lair:5)
  An orange demon (Lair:1)
  2 cane toads
  2 komodo dragons
  A rime drake (Lair:4)
  A troll (D:11)
  2 polar bears
  A hornet (Lair:2)
  11 blink frogs
  A jumping spider (Lair:2)
  A shadow (D:11)
  8 yaks
  A wraith (D:11)
  2 vampire mosquitoes (D:10)
  A steam dragon (Lair:6)
  A warg (D:8)
  A swamp worm (Lair:3)
  3 water moccasins
  2 black bears
  An orc warrior (D:8)
  4 wolves (Lair:2)
  A spectral rime drake (IceCv)
  6 bullfrogs
  A gnoll sergeant (D:9)
  A wight (D:7)
  A killer bee (D:10)
  2 electric eels
  A howler monkey (D:7)
  3 jellies
  A gnoll shaman (D:6)
  An orc wizard (D:11)
  4 gnolls
  3 adders
  A white imp (D:4)
  2 orcs
  2 endoplasms
  8 ball pythons (Sewer)
  A kobold (D:7)
  13 rats (Sewer)
  A briar patch (Lair:4)
106 creatures vanquished.

Vanquished Creatures (others)
  An unseen horror (shapeshifter) (D:11)
  A catoblepas zombie (Lair:4)
  An unseen horror zombie (D:11)
  A centaur simulacrum (D:11)
  A black mamba zombie (Lair:5)
  A human zombie (Volcano)
  2 spectral efreet
  An elf zombie (Volcano)
  2 blink frog zombies
  An elephant zombie (Lair:6)
  5 rime drake zombies
  A komodo dragon zombie (Lair:4)
  2 salamander zombies (Volcano)
  2 water moccasin zombies (Lair:6)
  A troll zombie (D:9)
  3 yak zombies
  A warg zombie (D:8)
  2 wolf zombies
  4 bullfrog zombies
  A basilisk zombie (D:11)
  A centaur zombie (D:7)
  2 ogre zombies
  A hound zombie (D:6)
  3 spectral electric eels (D:11)
  4 steam dragon zombies
  A jelly zombie (Lair:5)
  5 adder zombies
  2 spectral white imps
  4 ball python zombies (Sewer)
  5 gnoll zombies
  4 kobold zombies
  6 orc zombies
  3 rat zombies (Sewer)
  A river rat zombie (Sewer)
  A briar patch (Lair:4)
  57 fungi
  72 plants
206 creatures vanquished.

Grand Total: 714 creatures vanquished

Notes
Turn   | Place    | Note
-------+----------+-------------------------------------------
     0 | D:1      | freelancePsychic the Troll Hedge Wizard began the quest for
                  | the Orb.
     0 | D:1      | Reached XP level 1. HP: 16/16 MP: 2/2
    23 | D:1      | Reached skill level 1 in Unarmed Combat
    55 | D:1      | Reached XP level 2. HP: 26/26 MP: 4/4
   124 | D:1      | Found a faded altar of an unknown god.
   222 | D:1      | Reached skill level 2 in Unarmed Combat
   225 | D:1      | Reached skill level 1 in Fighting
   315 | D:1      | Found Noemecw's Assorted Antiques.
   323 | D:1      | Bought a scroll labelled CINOF EMOCWEW for 27 gold pieces
   323 | D:1      | Bought a scroll labelled NUWEQU YQUOLI for 27 gold pieces
   323 | D:1      | Bought a scroll labelled ESOHAERCHAV for 27 gold pieces
   348 | D:1      | Reached XP level 3. HP: 30/33 MP: 5/5
   573 | D:2      | Acquired 705 gold pieces
   621 | D:1      | Bought a fuming ruby potion for 24 gold pieces
   710 | D:2      | Found Ristre Hufeoj's Book Emporium.
   876 | D:3      | Reached XP level 4. HP: 41/41 MP: 6/6
   878 | D:3      | Reached skill level 3 in Unarmed Combat
  1670 | D:4      | Found a runed translucent gate.
  1670 | D:4      | Found a runed translucent gate.
  1670 | D:4      | Found a runed translucent gate.
  1670 | D:4      | Noticed samgaumpmail's ghost (amateur DgTm)
  1672 | D:4      | Found a basalt altar of Yredelemnul.
  1690 | D:4      | Reached XP level 5. HP: 49/49 MP: 7/7
  1693 | D:4      | Became a worshipper of Yredelemnul the Dark
  1751 | D:4      | Reached skill level 1 in Shields
  1767 | D:4      | Reached * piety under Yredelemnul
  1837 | D:4      | Reached skill level 4 in Unarmed Combat
  2002 | D:4      | Reached ** piety under Yredelemnul
  2278 | D:5      | Entered Level 5 of the Dungeon
  2304 | D:5      | Found a staircase to the Ecumenical Temple.
  2324 | D:5      | Noticed an ogre
  2325 | D:5      | Found an ancient bone altar of Kikubaaqudgha.
  2341 | D:5      | Killed an ogre
  2342 | D:5      | Reached skill level 1 in Invocations
  2342 | D:5      | Reached XP level 6. HP: 58/58 MP: 8/8
  2383 | D:5      | Found a glowing drain.
  2402 | Sewer    | Entered a sewer
  2568 | Sewer    | Reached *** piety under Yredelemnul
  2603 | Sewer    | Reached skill level 5 in Unarmed Combat
  2604 | Sewer    | Reached XP level 7. HP: 30/66 MP: 2/9
  2704 | D:5      | Noticed a +0 hand axe
  2705 | D:5      | Found a hide-covered altar of Uskayaw.
  2705 | D:5      | Noticed a +0 hand axe
  2734 | D:5      | Noticed zeratav's ghost (novice TeHu)
  2735 | D:5      | Found a runed translucent gate.
  2735 | D:5      | Found a runed translucent gate.
  2736 | D:5      | Found a runed translucent gate.
  3024 | D:5      | Reached skill level 6 in Unarmed Combat
  3330 | D:6      | Reached XP level 8. HP: 75/75 MP: 10/10
  3770 | D:6      | Reached skill level 7 in Unarmed Combat
  3951 | D:6      | Found a glowing silver altar of Zin.
  4543 | D:7      | Reached XP level 9. HP: 46/85 MP: 11/11
  4795 | D:7      | Reached skill level 8 in Unarmed Combat
  5023 | D:7      | Reached skill level 5 in Fighting
  5023 | D:7      | Reached skill level 5 in Shields
  5041 | D:7      | Reached skill level 5 in Invocations
  5286 | D:7      | Found Erischua's Armour Shop.
  5466 | D:8      | Found a staircase to the Lair.
  5588 | D:8      | Reached XP level 10. HP: 98/98 MP: 13/13
  5606 | D:8      | Reached skill level 9 in Unarmed Combat
  5772 | D:8      | Found a sacrificial altar of Ru.
  5913 | D:8      | Noticed a two-headed ogre
  5920 | D:8      | Killed a two-headed ogre
  5927 | D:8      | Found an iron altar of Okawaru.
  6014 | D:8      | Found a burning altar of Makhleb.
  6162 | D:9      | Reached skill level 10 in Unarmed Combat
  6445 | D:9      | Found a broken altar of Ashenzari.
  6764 | D:10     | Entered Level 10 of the Dungeon
  6934 | D:10     | Noticed a two-headed ogre
  7035 | D:10     | Found Zuoplem's Armour Shop.
  7046 | D:10     | Bought the +3 crown of Dyrovepreva {rElec Int+2 SInv} for
                  | 496 gold pieces
  7046 | D:10     | Found the +3 crown of Dyrovepreva {rElec Int+2 SInv}
  7057 | D:10     | Bought a +2 robe of fire resistance for 212 gold pieces
  7268 | D:10     | Reached XP level 11. HP: 84/109 MP: 14/14
  7301 | D:10     | Acquired 483 gold pieces
  7521 | D:10     | Found a glowing golden altar of the Shining One.
  7521 | D:10     | Found a sparkling altar of Nemelex Xobeh.
  7570 | D:11     | Found a staircase to the Orcish Mines.
  7957 | D:11     | Noticed Josephine
  8048 | D:11     | Found a frozen archway.
  8060 | IceCv    | Entered an ice cave
  8281 | IceCv    | Reached skill level 11 in Unarmed Combat
  8326 | IceCv    | Noticed a white draconian
  8351 | IceCv    | Killed a white draconian
  8457 | IceCv    | Found the +4 skin of Zhor {*Englaciate rC+++ SInv}
  8521 | IceCv    | Identified the ring "Ditutz" {+Blink rF- rCorr Dex+2}
  9109 | D:11     | Noticed a brown ugly thing
  9124 | D:11     | Killed a brown ugly thing
  9175 | D:11     | Noticed a centaur warrior
  9177 | D:11     | Noticed a centaur warrior
  9222 | D:11     | Found Dixywyunn's Jewellery Boutique.
  9255 | D:11     | Killed a centaur warrior
  9445 | D:11     | Noticed a green ugly thing
  9461 | D:11     | Killed a green ugly thing
  9462 | D:11     | Reached XP level 12. HP: 86/122 MP: 15/15
  9465 | D:11     | Noticed a ghost moth
  9472 | D:11     | Noticed a five-headed hydra
  9590 | Lair:1   | Entered Level 1 of the Lair of Beasts
  9674 | Lair:1   | Found a dark tunnel.
  9694 | Volcano  | Entered a volcano
  9780 | Volcano  | Reached skill level 12 in Unarmed Combat
  9936 | Volcano  | Noticed an orb of fire
 10048 | Volcano  | Noticed an orb of fire
 10148 | Volcano  | Reached skill level 10 in Shields
 10535 | Lair:1   | Noticed Amaemon
 10551 | Lair:1   | Killed Amaemon
 11143 | Lair:2   | Found a hole to the Spider Nest.
 11248 | Lair:2   | Reached **** piety under Yredelemnul
 11500 | Lair:2   | Reached XP level 13. HP: 126/133 MP: 16/16
 11573 | Lair:2   | Reached ***** piety under Yredelemnul
 11867 | Lair:2   | Reached ****** piety under Yredelemnul
 12211 | Lair:3   | Reached skill level 10 in Fighting
 12211 | Lair:3   | Reached skill level 1 in Armour
 12211 | Lair:3   | Reached skill level 13 in Unarmed Combat
 12214 | Lair:3   | Found a staircase to the Swamp.
 13193 | Lair:4   | Found a transporter.
 13223 | Lair:4   | Found a transporter.
 13826 | Lair:4   | Identified the ring "Yffad" {Int+4 SInv}
 14048 | Lair:5   | Noticed Sonja
 14057 | Lair:5   | Killed Sonja
 14294 | Lair:5   | Found a staircase to the Slime Pits.
 14305 | Lair:5   | Your ally Sonja died
 14737 | Lair:6   | Entered Level 6 of the Lair of Beasts
 14984 | Lair:6   | Reached XP level 14. HP: 106/144 MP: 13/17
 15040 | Lair:6   | Reached skill level 14 in Unarmed Combat
 15135 | Lair:6   | Identified the +4 great sword of Plog {protect, rElec
                  | Str+2}
 15192 | Lair:6   | Slain by a cane toad

Illustrated notes

Levels and vault maps discovered:
D:1:      minmay_arrival_glassed_features, layout_rooms, serial_shops,
          nicolae_shop_competitors_out_of_business, basic_ecumenical_altar
D:2:      layout_rooms, serial_shops, shop
D:3:      layout_loops_ring, corexii_leaking_fountain, minmay_cut_off
D:4:      layout_loops_ring, nicolae_yredelemnul_ghost_church,
          minmay_curled_crystal, ebering_dispersal_statue_hall
D:5:      layout_loops_ring, dancing_weapons_uskayaw,
          nicolae_kikubaaqudgha_miasma_corner, minmay_temple_entry_overgrown,
          gammafunk_ghost_split, gup_sewer_entry_pipe
D:6:      layout_basic, zin_statuary
D:7:      minmay_polygon_palace, layout_basic, serial_shops,
          kennysheep_mini_moat
D:8:      layout_gridville, okawaru_ov_weapons_minmay,
          mainiacjoe_overflow_big_doors, erik_lair_orcish_takeover
D:9:      layout_loops_ring, evilmike_ruin_ashenzari, minivault_26
D:10:     layout_roguey, amethyst_overflow_temple_binary, serial_shops,
          nicolae_shop_hallway_plus
D:11:     hangedman_cross_veins, layout_basic, orc_0_dummy, serial_shops, shop,
          portal_ice_cave_entry_pillars_1, minmay_door_square,
          serial_bayou_pond_a, kennysheep_potato, uniq_josephine
Lair:1:   layout_gridlike, enter_volcano_1, grunt_megastairs_3, uniq_amaemon
Lair:2:   layout_cave_pods, spider_nest_entry_a, infiniplex_staircase_pool
Lair:3:   layout_concentric_octagons, nicolae_swamp_entry_splash_gauntlet,
          serial_bayou_shore_b
Lair:4:   gammafunk_worm_tunnel, layout_regular_city
Lair:5:   layout_gridlike, nicolae_slime_entry_slimehenge, uniq_sonja
Lair:6:   minmay_lair_end_frog_pond, layout_regular_city,
          bobbens_dragon_lair_wall

Skill      XL: |  1  2  3  4  5  6  7  8  9 10 11 12 13 14 |
---------------+-------------------------------------------+-----
Unarmed Combat | 1 2 3 4 5 6 7 8 10 11 12 13 14 | 14.1
Fighting       | 1 2 3 4 5 7 8 9 10 11 | 11.0
Shields        | 1 2 3 4 5 7 9 10 11 | 11.8
Invocations    | 1 2 4 5 |  5.5
Dodging        | 4 |  4.7
Armour         | 4 |  4.8
Stealth        | |  1.0
Spellcasting   | |  2.0
Conjurations   | |  0.6
Summonings     | |  0.6
Translocations | |  0.6

Action                   |  1- 3 |  4- 6 |  7- 9 | 10-12 | 13-15 || total
-------------------------+-------+-------+-------+-------+-------++-------
Melee: Unarmed           |   119 |   174 |   300 |   566 |   345 ||  1504
       Punch             |     1 |       |       |       |       ||     1
Invok: Dark Bargain      |       |     1 |     1 |     1 |     2 ||     5
       Recall Undead Har |       |     1 |       |     1 |     1 ||     3
Evoke: Wand              |       |     1 |     2 |     8 |     2 ||    13
  Use: Scroll            |     3 |     8 |     3 |    16 |     3 ||    33
       Potion            |       |       |       |     7 |     4 ||    11
 Stab: Sleeping          |       |     7 |     2 |       |       ||     9
       Distracted        |       |     3 |     1 |       |     8 ||    12
       Confused          |       |       |       |     1 |       ||     1
Armor: Robe              |    46 |    30 |    44 |    81 |       ||   201
       Animal skin       |       |       |       |    23 |       ||    23
       Quicksilver drago |       |       |       |       |   112 ||   112
Dodge: Dodged            |    55 |    57 |   132 |   185 |   132 ||   561
Block: Tower shield      |       |   152 |   133 |       |       ||   285
       Other             |       |     6 |       |       |       ||     6
       Reflection        |       |     1 |     5 |    10 |     7 ||    23
       Kite shield       |       |       |   163 |   381 |   265 ||   809

Table legend: (Time is in decaauts)
 A = Elapsed time spent in this place.
 B = Non-inter-level travel time spent in this place.
 C = Inter-level travel time spent in this place.
 D = Time resting spent in this place.
 E = Time spent auto-exploring this place.
 F = Levels seen in this place.
 G = Mean time per level.
                   A        B        C        D        E       F      G
               +--------+--------+--------+--------+--------+-----+--------+
         Total |  17164 |  16228 |    936 |    206 |  12332 |  20 |  858.2 |
       Dungeon |   9854 |   9237 |    617 |    158 |   6966 |  11 |  895.8 |
          Lair |   5618 |   5300 |    318 |      0 |   4358 |   6 |  936.3 |
         Sewer |    392 |    392 |      0 |      0 |    251 |   1 |  392.0 |
      Ice Cave |    630 |    630 |      0 |     48 |    330 |   1 |  630.0 |
       Volcano |    668 |    668 |      0 |      0 |    426 |   1 |  668.0 |
               +--------+--------+--------+--------+--------+-----+--------+

Top non-repeatable levels by time:
     D:6: 1409 daAuts
     D:4: 1337 daAuts
    D:11: 1248 daAuts
  Lair:3: 1205 daAuts
  Lair:4: 1183 daAuts
  Lair:2: 1124 daAuts
    D:10: 1091 daAuts
     D:7: 990 daAuts
  Lair:5: 896 daAuts
     D:9: 845 daAuts
  Lair:1: 808 daAuts
     D:8: 742 daAuts
     D:5: 702 daAuts
 Volcano: 668 daAuts
   IceCv: 630 daAuts
